 Dungeon Crawl Stone Soup version 0.18-a0-1166-g6e2d2a0 (webtiles) character file.

49324 Banto the Convoker (level 13, -11/73 HPs)
             Began as a Felid Summoner on Jan 22, 2016.
             Was the Champion of Sif Muna.
             Splashed by an acid blob's acid (12 damage)
             ... on level 1 of the Pits of Slime on Jan 26, 2016.
             The game lasted 02:51:44 (52892 turns).

Banto the Convoker (Felid Summoner)                Turns: 52892, Time: 02:51:44

Health: -11/73     AC:  5    Str:  6      XL:     13   Next: 52%
Magic:  0/39       EV: 29    Int: 23      God:    Sif Muna [******]
Gold:   775        SH:  0    Dex: 16 (17) Spells: 4 memorised, 12 levels left
                                        Lives:  0   Deaths: 4

rFire  + . .     SeeInvis +     (weapon unavailable)
rCold  + . .     Gourm    .     (armour unavailable)
rNeg   . . .     Faith    .     (shield unavailable)
rPois  +         Spirit   .     (helmet unavailable)
rElec  .         Dismiss  .     (cloak unavailable)
rCorr  .         Reflect  .     (gloves unavailable)
SustAt .         Harm     .     (boots unavailable)
MR     +++..     Rnd*Rage +     i - amulet of magic regeneration
Stlth  ++++......               Q - ring "Atysouf" {rPois rF+ MP+9}
                                c - ring of protection from magic

@: corroded equipment, quick, extremely resistant to hostile enchantments,
stealthy
A: no armour, no weapons or thrown items, claws 1, fangs 3, iridescent scales 2,
camouflage 1, see invisible, berserk 1, carnivore 3, clever 1, deterioration 1,
speed 1, high mp 1, magic resistance 1, robust 1, shaggy fur 3, slow metabolism
1, strong 1, evolution 1, sharp paws
a: Channel Energy, Forget Spell, Renounce Religion
}: 1/15 runes: decaying


You were on level 1 of the Pits of Slime.
You worshipped Sif Muna.
Sif Muna was exalted by your worship.
You were very hungry.

You visited 6 branches of the dungeon, and saw 32 of its levels.
You also visited: Labyrinth and Volcano.

You collected 3045 gold pieces.
You spent 2270 gold pieces at shops.

Inventory:

Jewellery
 c - a ring of protection from magic (left paw)
 i - an amulet of magic regeneration (around neck)
 x - an uncursed ring of flight
 y - an uncursed ring of resist corrosion
 A - an uncursed ring of sustain attributes
 J - an uncursed ring of protection from fire
 Q - the ring "Atysouf" (right paw) {rPois rF+ MP+9}
   (You found it in a labyrinth)

   [ring of magical power]

   It protects you from fire.
   It protects you from poison.
   It affects your magic capacity (+9).
 S - the ring of Tacef {rPois rF- rC+ Str+3}
   (You found it in a labyrinth)

   [ring of poison resistance]

   It affects your strength (+3).
   It makes you vulnerable to fire.
   It protects you from cold.
   It protects you from poison.
Wands
 l - a wand of enslavement (9/24)
 z - a wand of digging (10/24)
 H - a wand of cold (4/15)
 P - a wand of teleportation (3/9)
Scrolls
 g - 5 scrolls of recharging
 m - 8 scrolls of teleportation
 q - 4 scrolls of fog
 r - 8 scrolls of remove curse
 u - 10 scrolls of identify
 v - a scroll of amnesia
 w - 7 scrolls of magic mapping
 B - 2 scrolls of summoning
 O - a scroll of blinking
Potions
 d - 9 potions of might
 h - 3 potions of flight
 j - 7 potions of brilliance
 k - 3 potions of heal wounds
 n - 3 potions of berserk rage
 o - 2 potions of agility
 s - a potion of haste
 D - 2 potions of curing
 E - a potion of invisibility
 K - a potion of magic
Books
 e - a book of Battle

   Spells                             Type                      Level
   a - Infusion                       Charms                       1
   b - Shroud of Golubria             Charms/Translocation         2
   c - Song of Slaying                Charms                       2
   d - Spectral Weapon                Hexes/Charms                 3
   e - Regeneration                   Charms/Necromancy            3
 f - a Grand Grimoire

   Spells                             Type                      Level
   a - Monstrous Menagerie            Summoning                    7
   b - Summon Greater Demon           Summoning                    7
   c - Malign Gateway                 Summoning/Translocation      7
   d - Summon Horrible Things         Summoning                    8
 M - an Akashic Record

   Spells                             Type                      Level
   a - Dispersal                      Translocation                6
   b - Malign Gateway                 Summoning/Translocation      7
   c - Disjunction                    Translocation                8
   d - Controlled Blink               Translocation                8
Miscellaneous
 C - a sack of spiders {used: 2}
 F - a phial of floods
 L - a lamp of fire
Comestibles
 a - 9 royal jellies
 b - 8 meat rations
 p - a beef jerky


   Skills:
 - Level 14.0 Fighting
 - Level 14.0 Dodging
 - Level 5.0 Stealth
 - Level 10.0 Spellcasting
   Level 5.0 Hexes
 + Level 15.5 Summonings
 - Level 12.0 Translocations
 - Level 6.0 Ice Magic


You had 12 spell levels left.
You knew the following spells:

 Your Spells              Type           Power        Failure   Level  Hunger
a - Summon Ice Beast      Ice/Summ       ######..     1%          4    #......
b - Malign Gateway        Summ/Tloc      ######....   21%         7    #######
c - Shadow Creatures      Summ           N/A          1%          6    ######.
e - Ozocubu's Armour      Chrm/Ice       ####....     6%          3    None


Dungeon Overview and Level Annotations

Branches:
Dungeon (15/15)            Temple (0/1) D:6            Lair (8/8) D:8
  Swamp (4/4) Lair:3        Snake (2/4) Lair:5        Slime (1/6) Lair:8
    Orc (2/2) D:9             Elf (0/3) Orc:2        Vaults (0/5) D:14
 Depths (0/5) D:15

Altars:
Cheibriados
Dithmenos
Elyvilon
Fedhas
Kikubaaqudgha
Nemelex Xobeh
Okawaru
Qazlal
Ru
Sif Muna
Trog
Vehumet
Xom
Yredelemnul
The Shining One
Jiyva

Shops:
Orc:2 [=:(*

Annotations:
D:3 Eustachio
D:6 Grinder
D:15 exclusion: ice statue


Innate Abilities, Weirdness & Mutations

You cannot wear armour.
You are incapable of wielding weapons or throwing items.
You have sharp claws.
You have razor-sharp teeth.
You have supernaturally acute eyesight.
You are carnivorous and can eat meat at any time.
You cover ground quickly.
Your thick and shaggy fur keeps you warm (AC +3, rC+).
You have a slow metabolism.
Your sharp claws are effective at attacking unaware monsters.
You are mostly covered in iridescent scales (AC +6).
Your skin changes colour to match your surroundings (Stealth).
You tend to lose your temper in combat.
Your mind is acute. (Int +2)
Your body sometimes deteriorates upon taking damage.
You have an increased reservoir of magic (+10% MP).
You are resistant to hostile enchantments.
You are robust (+10% HP).
Your muscles are strong. (Str +2)
You evolve.


Message History

Unknown command.
Your ice beast hits the acid blob.
Your ice beast freezes the acid blob!
Your ice beast is burned by acid!
Your ice beast dies!
The acid blob hits your jelly.
Your jelly is splashed with acid.
Your eye of draining twists and deforms.
Your jelly hits the acid blob.
The acid blob is splashed with acid.
Your eye of draining gazes at the acid blob.
The acid blob hits your jelly.
Your jelly dies!
The walls burn you!
* * * LOW HITPOINT WARNING * * *
The eye of draining gazes at you.
You feel your power leaking away.
Your eye of draining twists and deforms.
The acid blob spits acid at you. The splash of acid hits you!
* * * LOW HITPOINT WARNING * * *
The acid corrodes you!
The acid burns!
You die...

...........#.##
..............#
.............###
.............#.##
................#
#...............# ###
....#..#........####.##
....####.......###....#
## ...##
#.........@.J...##
#.##. #...
##.#.............#
##..... ##..
##.............###....#
##....##.....GG.....#
##...#......J....#..
##.##.......G.........
###......##.......#..
##.....#.......##
##....##........


You could see an acid blob, a shining eye, an eye of draining, a jelly and a
friendly eye of draining.

Vanquished Creatures
  An orc warlord (Orc:2)
  Erolcha (D:9)
  A catoblepas (Lair:8)
  An orc high priest (Orc:2)
  A swamp dragon (Swamp:1)
  2 hill giants
  A spriggan druid (Swamp:2)
  An orc sorcerer (Orc:1)
  An ugly thing (D:11)
  A deep elf mage (D:14)
  An elephant (Lair:5)
  2 spiny frogs
  A polar bear (Lair:5)
  A troll (Orc:1)
  A bog body (Swamp:3)
  A slime creature (Lair:8)
  A blink frog (Lair:8)
  A shadow (Swamp:2)
  A basilisk (Lab)
  A hippogriff (Lair:3)
  2 wolves (Lair:3)
  An insubstantial wisp (Swamp:1)
  A swamp worm (Swamp:4)
  A water moccasin (Lair:7)
  A porcupine (Lair:5)
  An orc warrior (Orc:2)
  An ice beast (D:14)
  A phantom (D:5)
  3 ogres
  An eye of draining (D:8)
  5 giant frogs
  A wyvern skeleton (D:8)
  A jelly (D:15)
  A spriggan skeleton (Lab)
  A crimson imp (D:5)
  3 hounds
  3 orc wizards
  A giant frog skeleton (D:11)
  An orc priest (Orc:2)
  A centaur skeleton (D:12)
  2 worker ants
  A hound skeleton (D:9)
  4 gnolls
  2 river rats
  6 adders
  A shadow imp (D:14)
  An ooze (D:3)
  12 giant geckos
  7 orcs
  2 ball pythons
  5 giant cockroaches
  5 hobgoblins
  A jackal (D:2)
  6 kobolds
  4 quokkas
  3 bats
  2 giant newts
  6 goblins
  8 rats
131 creatures vanquished.

Vanquished Creatures (collateral kills)
  A shard shrike (Snake:1)
  Rupert (Lair:8)
  The ghost of Yendor the Thaumaturge, an adept HuFE of Nemelex Xobeh (Swamp:2)
  An eldritch tentacle (Swamp:4)
  Gastronok (D:10)
  A thorn hunter (Swamp:4)
  2 azure jellies (Slime:1)
  The ghost of runewalsh the Gelid, an adept OpIE of Vehumet (Swamp:4)
  Maud (D:11)
  2 orc warlords (Orc:2)
  Aizul (Snake:1)
  Nessos (Lair:8)
  A death ooze (Slime:1)
  The ghost of Strylgvaidir the Thaumaturge, a journeyman GrEE of Vehumet (Lair:5)
  The ghost of kinazarov the Protected, a journeyman FoFi of Kikubaaqudgha (Orc:1)
  A minotaur (Lab)
  A great orb of eyes (Slime:1)
  Fannar (D:10)
  2 ogre magi
  A yaktaur captain (D:15)
  27 hydras
  Harold (D:10)
  Erica (D:10)
  2 centaur warriors
  A ghost crab (Swamp:2)
  5 alligators
  A death knight (D:15)
  3 anacondas (Snake:1)
  A deep troll shaman (Lair:8)
  10 death yaks
  3 orc high priests
  Nergalle (Lair:2)
  A shock serpent (Snake:1)
  A skeletal warrior (D:15)
  3 spriggan druids
  A death drake (shapeshifter) (D:15)
  Pikel (D:9)
  3 naga ritualists (Snake:1)
  6 hill giants
  A lindwurm (Lair:8)
  11 swamp dragons
  3 shambling mangroves
  An orc knight (Orc:2)
  5 mana vipers (Snake:1)
  3 orc sorcerers (Orc:2)
  20 ugly things
  3 oklob plants (Lair:8)
  2 cyclopes (D:15)
  2 hornets
  3 deep elf magi (D:13)
  A shining eye (Slime:1)
  Psyche (D:9)
  A centaur zombie (D:14)
  10 elephants
  A manticore (D:15)
  20 black mambas
  2 torpor snails
  4 naga magi (Snake:1)
  3 gargoyles
  17 spiny frogs
  A yaktaur (D:15)
  5 komodo dragons
  3 fire drakes
  A fire drake (shapeshifter) (D:13)
  A queen bee (Lair:3)
  2 tengu conjurers (D:14)
  10 trolls
  2 freezing wraiths (D:15)
  7 two-headed ogres
  A polar bear (Lair:3)
  3 giant leeches
  4 bog bodies
  A raiju (shapeshifter) (D:15)
  17 slime creatures
  14 blink frogs
  A flying skull (Lair:8)
  A water elemental (D:13)
  9 spriggans
  3 shadows
  A wraith (D:15)
  43 yaks
  5 wyverns
  A fire elemental (D:13)
  5 basilisks
  7 hungry ghosts
  21 wolves
  14 vampire mosquitoes
  6 wargs
  A mottled dragon (D:11)
  6 hippogriffs
  4 insubstantial wisps (Swamp:1)
  18 swamp worms
  8 nagas
  A soldier ant (D:11)
  12 swamp drakes
  19 water moccasins
  An ice beast (D:5)
  14 porcupines
  36 orc warriors
  A slave (D:9)
  2 black bears (Lair:8)
  An eye of draining (Slime:1)
  19 wasps
  17 ogres
  4 sky beasts
  A phantom (D:4)
  12 centaurs
  18 crocodiles
  A big kobold (D:13)
  25 giant frogs
  An earth elemental (D:13)
  23 killer bees
  3 scorpions
  3 wights (D:11)
  3 spriggan skeletons (D:12)
  A troll skeleton (Lab)
  3 electric eels (Lair:4)
  4 crimson imps
  A giant frog zombie (D:13)
  A hound (D:6)
  4 giant frog skeletons
  16 orc priests
  5 jellies
  3 centaur skeletons
  16 orc wizards
  4 iguanas (Lair:3)
  5 worker ants
  22 sheep
  2 ogre skeletons (Lab)
  A hound zombie (D:10)
  A hound skeleton (D:10)
  A worker ant zombie (D:9)
  6 adders
  13 gnolls
  64 river rats
  5 shadow imps
  An ooze (D:5)
  3 worms (D:2)
  2 giant geckos (D:3)
  40 orcs
  3 giant cockroaches
  A goblin (D:1)
  3 hobgoblins
  2 jackals (D:2)
  3 quokkas
  2 bats
  2 giant newts
  A jackal skeleton (D:7)
  A jackal zombie (D:7)
  5 kobolds
  A rat (D:1)
  8 fungi
  2 plants
910 creatures vanquished.

Vanquished Creatures (others)
  8 eldritch tentacles
  The ghost of Somebody the Spry, an adept DEFE of Ashenzari (D:14)
  The ghost of FIQ the Grand Gadgeteer, an adept KoAr of Pakellas (D:14)
  An orc knight (Orc:1)
  4 ugly things
  An elephant (Lair:5)
  A troll (Orc:2)
  An air elemental (D:13)
  A wasp (Swamp:3)
  A slave (D:9)
  An ogre (D:9)
  A killer bee (Lair:3)
  2 briar patches (Swamp:4)
  806 eldritch tentacle segments
  11 fungi
  20 plants
861 creatures vanquished.

Grand Total: 1902 creatures vanquished

Notes
Turn   | Place    | Note
--------------------------------------------------------------
     0 | D:1      | Banto the Felid Summoner began the quest for the Orb.
     0 | D:1      | Reached XP level 1. HP: 7/7 MP: 4/4
   604 | D:1      | Reached XP level 2. HP: 6/11 MP: 6/6
   846 | D:1      | Learned a level 2 spell: Call Imp
  1353 | D:1      | Reached XP level 3. HP: 10/14 MP: 4/7
  2140 | D:2      | Gained mutation: You have an increased reservoir of magic (+10% MP). [potion of mutation]
  2140 | D:2      | Gained mutation: You evolve. [potion of mutation]
  2140 | D:2      | Gained mutation: You are frail (-10% HP). [potion of mutation]
  2141 | D:2      | Gained mutation: You are partially covered in iridescent scales (AC +4). [potion of mutation]
  2141 | D:2      | Gained mutation: Your system is resistant to poisons. [potion of mutation]
  2659 | D:3      | Reached XP level 4. HP: 6/16 MP: 4/8
  2849 | D:3      | Reached skill level 5 in Summonings
  2855 | D:3      | Learned a level 3 spell: Call Canine Familiar
  2910 | D:3      | Found a shimmering altar of Xom.
  3351 | D:3      | Found a deep blue altar of Sif Muna.
  3446 | D:3      | Became a worshipper of Sif Muna the Loreminder
  3533 | D:3      | Found a basalt altar of Yredelemnul.
  3661 | D:3      | Reached XP level 5. HP: 15/18 MP: 7/9
  3832 | D:3      | Found an ancient bone altar of Kikubaaqudgha.
  4354 | D:4      | Noticed a phantom
  4374 | D:4      | Killed a phantom
  4838 | D:4      | Noticed Eustachio
  5253 | D:4      | Lost mutation: You are frail (-10% HP). [evolution]
  5259 | D:5      | Entered Level 5 of the Dungeon
  5266 | D:5      | Noticed a sky beast
  5533 | D:4      | Killed a sky beast
  5533 | D:4      | Reached skill level 5 in Dodging
  5533 | D:4      | Reached skill level 6 in Summonings
  5533 | D:4      | Gained mutation: You are covered in thick fur (AC +2). [Felid growth]
  5533 | D:4      | Reached XP level 6. HP: 16/24 MP: 4/10
  5726 | D:5      | Reached skill level 5 in Stealth
  5729 | D:5      | Noticed an ice beast
  5750 | D:5      | Killed an ice beast
  5916 | D:5      | Learned a level 4 spell: Summon Ice Beast
  5930 | D:5      | Reached * piety under Sif Muna
  6293 | D:5      | Reached XP level 7. HP: 5/27 MP: 8/13
  7019 | D:6      | Noticed Grinder
  7067 | D:6      | Found a staircase to the Ecumenical Temple.
  7179 | D:6      | Found a stormy altar of Qazlal.
  7268 | D:6      | Reached skill level 7 in Summonings
  7723 | D:7      | Gained mutation: You are partially covered in icy blue scales (AC +1). [potion of beneficial mutation]
  7800 | D:7      | Found a shadowy altar of Dithmenos.
  7800 | D:7      | Found a snail-covered altar of Cheibriados.
  7804 | D:7      | Reached skill level 1 in Ice Magic
  7947 | D:7      | Found a radiant altar of Vehumet.
  7970 | D:7      | Found a sacrificial altar of Ru.
  7973 | D:7      | Found a bloodstained altar of Trog.
  7974 | D:7      | Found a white marble altar of Elyvilon.
  7975 | D:7      | Found a blossoming altar of Fedhas.
  8128 | D:7      | Reached XP level 8. HP: 27/31 MP: 12/14
  8473 | D:7      | Reached ** piety under Sif Muna
  8638 | D:7      | Found a sparkling altar of Nemelex Xobeh.
  8935 | D:8      | Reached skill level 8 in Summonings
  9425 | D:8      | Found a glowing golden altar of the Shining One.
  9463 | D:8      | Noticed an elephant
  9493 | D:8      | Killed an elephant
  9602 | D:8      | Found a staircase to the Lair.
  9618 | D:8      | Found an iron altar of Okawaru.
  9640 | D:8      | Noticed a two-headed ogre
  9735 | D:8      | Killed a two-headed ogre
  9735 | D:8      | Reached skill level 9 in Summonings
 10122 | D:9      | Reached XP level 9. HP: 34/34 MP: 15/15
 10136 | D:9      | Noticed Erolcha
 10281 | D:9      | Killed Erolcha
 10281 | D:9      | Reached *** piety under Sif Muna
 10600 | D:9      | Slain by an orc warrior
 10601 | D:9      | Reached XP level 8. HP: -1/31 MP: 3/14
 10619 | D:9      | Noticed Pikel
 10639 | D:9      | Killed Pikel
 10639 | D:9      | Reached skill level 10 in Summonings
 11038 | D:10     | Entered Level 10 of the Dungeon
 11054 | D:10     | Noticed a hill giant
 11075 | D:10     | Noticed a troll
 11081 | D:10     | Killed a hill giant
 11081 | D:10     | Reached **** piety under Sif Muna
 11081 | D:10     | Reached skill level 5 in Ice Magic
 11081 | D:10     | Reached XP level 9. HP: 34/34 MP: 4/15
 11095 | D:10     | Killed a troll
 11561 | D:10     | Reached skill level 10 in Dodging
 11561 | D:10     | Reached skill level 11 in Summonings
 11568 | D:10     | Learned a level 3 spell: Summon Guardian Golem
 11572 | D:10     | Noticed Harold
 11745 | D:10     | Noticed Gastronok
 11841 | Lair:1   | Entered Level 1 of the Lair of Beasts
 11890 | Lair:1   | Noticed a spiny frog
 11900 | Lair:1   | Killed a spiny frog
 11993 | Lair:1   | Noticed a komodo dragon
 12047 | Lair:1   | Killed a komodo dragon
 12304 | Lair:1   | Reached ***** piety under Sif Muna
 12437 | Lair:1   | Reached XP level 10. HP: 23/37 MP: 4/17
 12583 | Lair:1   | Noticed a spiny frog
 12595 | Lair:1   | Killed a spiny frog
 13019 | Lair:1   | Reached skill level 1 in Hexes
 13123 | Lair:1   | Reached skill level 12 in Summonings
 13574 | Lair:2   | Noticed a spiny frog
 13584 | Lair:2   | Killed a spiny frog
 13657 | Lair:2   | Reached skill level 1 in Fighting
 13720 | Lair:2   | Noticed Nergalle
 13739 | Lair:2   | Noticed a spectral orc warlord
 14522 | Lair:2   | Learned a level 4 spell: Summon Lightning Spire
 14674 | Lair:2   | Noticed a spectral orc warlord
 14721 | Lair:2   | Killed Nergalle
 15173 | Lair:3   | Lost mutation: Your system is resistant to poisons. [evolution]
 15211 | Lair:3   | Reached skill level 5 in Hexes
 15316 | Lair:3   | Found a staircase to the Swamp.
 15453 | Lair:3   | Noticed a black mamba
 15466 | Lair:3   | Killed a black mamba
 15466 | Lair:3   | Reached XP level 11. HP: 33/45 MP: 9/18
 16508 | Lair:3   | Reached skill level 5 in Fighting
 17563 | Lair:4   | Noticed a six-headed hydra
 17574 | Lair:4   | Killed a six-headed hydra
 17709 | Lair:4   | Noticed a four-headed hydra
 17720 | Lair:4   | Killed a four-headed hydra
 18177 | Lair:5   | Gained mutation: You are mostly covered in iridescent scales (AC +6). [evolution]
 18529 | Lair:5   | Found a staircase to the Snake Pit.
 19310 | Lair:5   | Noticed Strylgvaidir's ghost (journeyman GrEE)
 19626 | Lair:5   | Reached skill level 13 in Dodging
 20162 | Lair:5   | Killed Strylgvaidir's ghost
 20861 | Lair:6   | Noticed a five-headed hydra
 20870 | Lair:6   | Killed a five-headed hydra
 21134 | Lair:6   | Gained mutation: You are resistant to hostile enchantments. [evolution]
 21556 | Lair:6   | Gained mutation: Your thick and shaggy fur keeps you warm (AC +3, rC+). [Felid growth]
 21556 | Lair:6   | Reached XP level 12. HP: 16/57 MP: 6/19
 22617 | Lair:7   | Noticed a seven-headed hydra
 22634 | Lair:7   | Killed a seven-headed hydra
 22860 | Lair:8   | Entered Level 8 of the Lair of Beasts
 22883 | Lair:8   | Reached skill level 10 in Fighting
 22912 | Lair:8   | Noticed a seven-headed hydra
 22951 | Lair:8   | Killed a seven-headed hydra
 23150 | Lair:8   | Found a staircase to the Slime Pits.
 23150 | Lair:8   | Found a viscous altar of Jiyva.
 23173 | Lair:8   | Found a dark tunnel.
 23178 | Lair:8   | Noticed Rupert
 23229 | Lair:8   | Killed Rupert
 23269 | Volcano  | Entered a volcano
 23282 | Volcano  | Noticed Oddball22's ghost (journeyman DsBe)
 23929 | Lair:8   | Noticed Nessos
 23948 | Lair:8   | Killed Nessos
 24269 | Lair:8   | Noticed a death yak
 24270 | Lair:8   | Noticed a death yak
 24270 | Lair:8   | Noticed a death yak
 24272 | Lair:8   | Noticed a death yak
 24282 | Lair:8   | Killed a death yak
 25143 | Lair:8   | Killed a death yak
 25155 | Lair:8   | Killed a death yak
 25695 | Lair:8   | Noticed a death yak
 25695 | Lair:8   | Noticed a death yak
 25695 | Lair:8   | Noticed a death yak
 25695 | Lair:8   | Noticed a catoblepas
 25777 | Lair:8   | Noticed a death yak
 25779 | Lair:8   | Noticed a death yak
 25779 | Lair:8   | Killed a catoblepas
 26212 | Lair:7   | Killed a death yak
 26363 | Lair:7   | Killed a death yak
 26597 | Lair:7   | Gained mutation: Your mind is acute. (Int +2) [evolution]
 26619 | Lair:7   | Killed a death yak
 26629 | Lair:7   | Killed a death yak
 26841 | Lair:8   | Killed a death yak
 26845 | Lair:8   | Killed a death yak
 27029 | Lair:8   | Noticed a death yak
 27034 | Lair:8   | Noticed a deep troll shaman
 27041 | Lair:8   | Killed a death yak
 27151 | Lair:8   | Killed a deep troll shaman
 27602 | D:10     | Reached XP level 13. HP: 64/64 MP: 20/20
 27776 | D:10     | Gained mutation: You occasionally shout uncontrollably at your foes. [mutagenic meat]
 27778 | D:10     | Gained mutation: You are agile. (Dex +2) [mutagenic meat]
 27780 | D:10     | Gained mutation: You are frail (-10% HP). [mutagenic meat]
 27888 | D:10     | Killed Gastronok
 27888 | D:10     | Reached ****** piety under Sif Muna
 28088 | D:10     | Noticed Fannar
 28134 | D:10     | Killed Fannar
 28204 | D:10     | Noticed Erica
 28217 | D:10     | Killed Erica
 28460 | D:10     | Killed Harold
 28601 | D:11     | Received a gift from Sif Muna
 28604 | D:11     | Identified Decor's Tome of Cold (Sif Muna gifted it to you on level 11 of the Dungeon)
 28609 | D:11     | Learned a level 3 spell: Ozocubu's Armour
 28625 | D:11     | Noticed Maud
 28858 | D:11     | HP: 2/58 [Maud/glaive of flaming (22)]
 28858 | D:11     | Mangled by Maud
 28859 | D:11     | Reached XP level 12. HP: -8/54 MP: 16/19
 29423 | D:11     | Lost mutation: You occasionally shout uncontrollably at your foes. [evolution]
 29885 | D:11     | Killed Maud
 30209 | D:12     | Found a shimmering altar of Xom.
 30951 | D:12     | Lost mutation: You are frail (-10% HP). [mutagenic meat]
 30952 | D:12     | Gained mutation: You are weak. (Str -2) [mutagenic meat]
 30954 | D:12     | Gained mutation: You are robust (+10% HP). [mutagenic meat]
 30955 | D:12     | Gained mutation: You tend to lose your temper in combat. [mutagenic meat]
 31264 | D:9      | Noticed Psyche
 31278 | D:9      | Killed Psyche
 31349 | D:9      | Found a staircase to the Orcish Mines.
 31448 | Orc:1    | Entered Level 1 of the Orcish Mines
 31448 | Orc:1    | Noticed kinazarov's ghost (journeyman FoFi)
 31475 | Orc:1    | Killed kinazarov's ghost
 31589 | Orc:1    | Noticed an orc high priest
 31623 | Orc:1    | Killed an orc high priest
 31623 | Orc:1    | Reached skill level 14 in Summonings
 32199 | Orc:1    | Gained mutation: Your skin changes colour to match your surroundings (Stealth). [evolution]
 32417 | Orc:1    | Found an iron altar of Okawaru.
 32637 | Orc:2    | Entered Level 2 of the Orcish Mines
 32664 | Orc:2    | Upgraded the game from 0.18-a0-1147-g8e8348b to 0.18-a0-1164-g7046a04
 32664 | Orc:2    | Noticed an orc warlord
 33629 | Orc:2    | Found Aduotus's Antique Armour Emporium.
 33864 | Orc:2    | Found Geoptiurch's Book Emporium.
 33928 | Orc:2    | Killed an orc warlord
 34052 | Orc:2    | Reached XP level 13. HP: 53/73 MP: 10/20
 34265 | Orc:2    | Found Xaqiu's Jewellery Shop.
 34367 | Orc:2    | Bought a +3 ring of protection for 252 gold pieces
 34367 | Orc:2    | Bought an uncursed ring of protection from fire for 300 gold pieces
 34369 | Orc:2    | Found a staircase to the Elven Halls.
 34583 | Orc:2    | Found Seicaano's Antique Weapon Boutique.
 34888 | Orc:2    | Noticed an orc warlord
 34935 | Orc:2    | Killed an orc warlord
 35200 | Orc:2    | Found Qeox's General Store.
 35519 | Orc:2    | Bought a lamp of fire for 480 gold pieces
 35519 | Orc:2    | Bought a scroll of identify for 24 gold pieces
 35702 | Orc:2    | Noticed an orc warlord
 35859 | Orc:2    | Killed an orc warlord
 36148 | Orc:2    | Bought an Akashic Record for 1214 gold pieces
 36660 | D:13     | Lost mutation: You are partially covered in icy blue scales (AC +1). [evolution]
 36683 | D:13     | Found a large runed door.
 36684 | D:13     | Found a large runed door.
 37280 | D:14     | Found a labyrinth entrance.
 37308 | Lab      | Entered a labyrinth
 37827 | Lab      | Noticed a minotaur
 37865 | Lab      | Killed a minotaur
 37919 | Lab      | Got a shimmering marble ring
 37919 | Lab      | Got a scintillating lead ring
 37923 | D:14     | Identified the ring "Atysouf" {rPois rF+ MP+9} (You found it in a labyrinth)
 37925 | D:14     | Identified the ring of Tacef {rPois rF- rC+ Str+3} (You found it in a labyrinth)
 37955 | D:14     | Learned a level 7 spell: Malign Gateway
 37970 | D:14     | Noticed Somebody's ghost (adept DEFE)
 38020 | D:14     | Found a gate to the Vaults.
 38045 | D:14     | Reached skill level 1 in Translocations
 38165 | D:14     | Noticed FIQ's ghost (adept KoAr)
 38418 | D:14     | Killed FIQ's ghost
 38794 | D:14     | Killed Somebody's ghost
 39616 | D:14     | Reached skill level 5 in Translocations
 39874 | D:15     | Entered Level 15 of the Dungeon
 40516 | D:14     | Lost mutation: You are agile. (Dex +2) [mutagenic meat]
 40517 | D:14     | Gained mutation: Your body sometimes deteriorates upon taking damage. [mutagenic meat]
 41515 | D:15     | Received a gift from Sif Muna
 41981 | D:15     | Found a glowing golden altar of the Shining One.
 42127 | D:15     | Gained mutation: Your body often deteriorates upon taking damage. [mutagenic meat]
 42275 | D:15     | Learned a level 6 spell: Shadow Creatures
 42284 | D:15     | Found a staircase to the Depths.
 42297 | D:15     | HP: 3/73 [centaur warrior/arrow (13)]
 42870 | D:13     | Lost strength.
 43167 | Swamp:1  | Entered Level 1 of the Swamp
 43658 | Swamp:1  | Reached skill level 5 in Spellcasting
 43658 | Swamp:1  | Reached XP level 14. HP: 79/79 MP: 11/24
 43700 | Swamp:1  | Reached skill level 10 in Translocations
 44912 | Swamp:2  | Noticed Yendor's ghost (adept HuFE)
 45460 | Swamp:1  | Lost mutation: Your body often deteriorates upon taking damage. [potion of cure mutation]
 45460 | Swamp:1  | Lost mutation: You are weak. (Str -2) [potion of cure mutation]
 45904 | Swamp:2  | Killed Yendor's ghost
 45918 | Swamp:2  | Killed an eldritch tentacle
 46330 | Swamp:1  | Killed an eldritch tentacle
 47877 | Swamp:4  | Entered Level 4 of the Swamp
 48281 | Swamp:4  | HP: 3/79 [spriggan rider/spear (26)]
 48281 | Swamp:4  | Slain by a swamp dragon
 48282 | Swamp:4  | Reached XP level 13. HP: -3/73 MP: 24/26
 48353 | Swamp:4  | Noticed a thorn hunter
 48364 | Swamp:4  | Received a gift from Sif Muna
 48365 | Swamp:4  | Identified Sif Muna's Reference Book on the Oath and Clay (Sif Muna gifted it to you on level 4 of the Swamp)
 48374 | Swamp:4  | Killed an eldritch tentacle
 49357 | Swamp:4  | Killed an eldritch tentacle
 49395 | Swamp:4  | Killed a thorn hunter
 49418 | Swamp:4  | Killed an eldritch tentacle
 49488 | Swamp:4  | Got a decaying rune of Zot
 49490 | Swamp:4  | Killed an eldritch tentacle
 49530 | Swamp:4  | Noticed runewalsh's ghost (adept OpIE)
 49554 | Swamp:4  | Killed runewalsh's ghost
 49584 | Swamp:4  | Killed an eldritch tentacle
 49811 | Swamp:4  | Reached XP level 14. HP: 70/79 MP: 14/31
 49928 | Swamp:4  | Gained mutation: Your muscles are strong. (Str +2) [evolution]
 50322 | Snake:1  | Entered Level 1 of the Snake Pit
 50325 | Snake:1  | Noticed Aizul
 50335 | Snake:1  | Killed Aizul
 50374 | Snake:1  | Killed an eldritch tentacle
 50625 | Snake:1  | Reached skill level 10 in Spellcasting
 52027 | Snake:1  | Noticed Nikola
 52046 | Snake:1  | Noticed Nikola
 52046 | Snake:1  | Nikola changed into Nikola the shard shrike
 52050 | Snake:1  | Killed Nikola the shard shrike
 52050 | Snake:1  | Reached skill level 15 in Summonings
 52068 | Snake:1  | Killed an eldritch tentacle
 52165 | Snake:1  | Received a gift from Sif Muna
 52166 | Snake:1  | Identified Sif Muna's Papyrus of Companions (Sif Muna gifted it to you on level 1 of the Snake Pit)
 52316 | Snake:1  | Upgraded the game from 0.18-a0-1164-g7046a04 to 0.18-a0-1166-g6e2d2a0
 52622 | Slime:1  | Entered Level 1 of the Pits of Slime
 52622 | Slime:1  | Noticed an azure jelly
 52677 | Slime:1  | Mangled by a death ooze
 52678 | Slime:1  | Reached XP level 13. HP: -8/72 MP: 39/39
 52709 | Slime:1  | Killed an azure jelly
 52755 | Slime:1  | Killed a death ooze
 52865 | Slime:1  | Noticed an azure jelly
 52881 | Slime:1  | Killed an azure jelly
 52885 | Slime:1  | Noticed an acid blob
 52892 | Slime:1  | HP: 1/73 [acid blob/splash of acid (3)]
 52892 | Slime:1  | Splashed by an acid blob's acid

Vault maps used:
D:1:      dpeg_arrival_rooms_c
D:3:      wad_crossroads, marbit_many_paths, lemuel_crystal_altar,
          lemuel_round_altar, yredelemnul_altar_generic, first_bread
D:4:      uniq_eustachio
D:6:      grunt_qazlal_clouds, uniq_grinder
D:7:      minitemple, nemelex_deck
D:8:      nicolae_overflow_crystal_walls, david_lair_generic, basic_altar
D:9:      orc_0_dummy, uniq_erolcha, uniq_pikel, uniq_psyche
D:10:     uniq_gastronok, uniq_erica, uniq_harold, uniq_fannar
D:11:     uniq_maud
D:12:     hangedman_tell_no_tales, xom_teletrap_fun
D:13:     lightli_elemental_guards
D:14:     david_vaults_2, lab_entry_generic, spider_trap
D:15:     grunt_enter_depths_snipers, nicolae_tso_swordbearing_angel,
          portal_ice_cave_entry_ice_statue_01
Lair:1:   lemuel_fruit_fields
Lair:2:   uniq_nergalle
Lair:3:   minmay_swamp_entry_reptiles, special_room, beast_lair_carwin_10,
          grunt_megastairs_1
Lair:4:   serial_bayou, serial_bayou_lake_a, serial_bayou_shore_a,
          serial_bayou_pond_e, serial_bayou_ford_a, serial_bayou_shore_b,
          serial_bayou_lagoon_a
Lair:5:   guppyfry_snake_entry_island
Lair:6:   serial_bayou_shore_b
Lair:8:   grunt_lair_end_beastmaster, slime_altar_1,
          nicolae_volcano_entry_hallway, dpeg_oklob_1, uniq_rupert, uniq_nessos
Swamp:1:  evilmike_swamp_ruin_house_3
Swamp:2:  evilmike_swamp_ruin_house_4
Swamp:3:  nicolae_swamp_fairy_circle, swamp_pool1
Swamp:4:  swamp
Snake:1:  serial_bayou_shore_b, uniq_aizul, uniq_nikola
Orc:1:    serial_shops, david_defended_altar_orc
Orc:2:    grunt_orc_gardens, grunt_orc_garden, grunt_orc_garden,
          grunt_orc_garden, grunt_orc_garden, serial_shops, shop
Lab:      lab_block, nicolae_lab_plus, labyrinth_skeletal_remains,
          nicolae_lab_swirl, labyrinth_fake_exit, nicolae_lab_grate,
          nicolae_lab_stuck, nicolae_lab_hexagon, nicolae_lab_garden
Volcano:  volcano_tomb

Action                   |  1- 3 |  4- 6 |  7- 9 | 10-12 | 13-15 || total
-------------------------+-------+-------+-------+-------+-------++-------
Melee: Unarmed           |   133 |   289 |   298 |   734 |   650 ||  2104
 Cast: Summon Small Mamm |    33 |    22 |       |       |       ||    55
       Call Imp          |     5 |     9 |    17 |     2 |       ||    33
       Call Canine Famil |       |    15 |    35 |    87 |    91 ||   228
       Summon Ice Beast  |       |       |    55 |   492 |   519 ||  1066
       Summon Guardian G |       |       |     2 |    43 |    34 ||    79
       Summon Lightning  |       |       |       |    53 |    22 ||    75
       Ozocubu's Armour  |       |       |       |    11 |    13 ||    24
       Shadow Creatures  |       |       |       |       |    68 ||    68
       Malign Gateway    |       |       |       |       |     9 ||     9
Invok: Forget Spell      |       |       |       |     1 |       ||     1
       Channel Energy    |       |       |       |       |    13 ||    13
Evoke: Wand              |       |       |    12 |     8 |    25 ||    45
       Sack of spiders   |       |       |       |     3 |       ||     3
       Phantom mirror    |       |       |       |     1 |       ||     1
       Lamp of fire      |       |       |       |       |     2 ||     2
       Phial of floods   |       |       |       |       |     1 ||     1
  Use: Scroll            |     6 |     4 |     8 |    14 |    12 ||    44
       Potion            |     2 |       |     1 |     5 |     1 ||     9
 Stab: Sleeping          |    14 |    16 |    12 |    18 |     8 ||    68
       Distracted        |       |     4 |     5 |    23 |    24 ||    56
  Eat: Chunk             |    11 |     8 |    31 |   152 |   134 ||   336
       Beef jerky        |       |       |       |     3 |     3 ||     6
       Pizza             |       |       |       |     1 |     4 ||     5
       Royal jelly       |       |       |       |     4 |     3 ||     7
       Meat ration       |       |       |       |       |     4 ||     4
